 Dungeon Crawl Stone Soup version 0.24-a0-521-g122614bf49 (webtiles) character file.

Game seed: 6130729674007741507

28 Flugkiller the Grave Robber (level 2, 0/19 HPs)
             Began as a Vampire Necromancer on July 29, 2019.
             Slain by a rat (3 damage)
             ... on level 2 of the Dungeon.
             The game lasted 00:03:14 (1408 turns).

Flugkiller the Grave Robber (Vampire Necromancer)   Turns: 1408, Time: 00:03:14

Health: 0/19       AC:  2    Str:  7    XL:     2   Next: 96%
Magic:  1/5        EV: 12    Int: 17    God:
Gold:   45         SH:  0    Dex: 14    Spells: 4/6 levels left

rFire    . . .     SeeInvis +   h - +0 club
rCold    . . .     Gourm    .   (no shield)
rNeg     . . .     Faith    .   a - +0 robe
rPois    .         Spirit   .   (no helmet)
rElec    .         Reflect  .   (no cloak)
rCorr    .         Harm     .   (no gloves)
MR       .....                  (no boots)
Stlth    ++........             (no amulet)
HPRegen  0.26/turn              (no ring)
MPRegen  0.09/turn              (no ring)

@: regenerating quickly
A: no food, fangs 3, see invisible, unbreathing
a: Exsanguinate


You were on level 2 of the Dungeon.
You were alive.

You visited 1 branch of the dungeon, and saw 2 of its levels.

You collected 45 gold pieces.

Inventory:

Hand Weapons
 e - a +1 dagger of venom
   (You took it off a kobold on level 1 of the Dungeon)
 h - a +0 club (weapon)
   (You took it off a hobgoblin on level 1 of the Dungeon)
Missiles
 b - 117 stones (quivered)
Armour
 a - a +0 robe (worn)
Scrolls
 c - a scroll of blinking {unknown}
 f - a scroll of random uselessness {unknown}
 g - a scroll of fear {unknown}
Potions
 d - a potion of might {unknown}


   Skills:
 - Level 2.1 Dodging
 - Level 3.0 Stealth
 + Level 2.7 Spellcasting
 + Level 4.9 Necromancy


You had 4 spell levels left.
You knew the following spells:

 Your Spells              Type           Power        Failure   Level  Hunger
a - Pain                  Necr           ###.         2%          1    N/A
b - Animate Skeleton      Necr           N/A          2%          1    N/A

Your spell library contained the following spells:

 Spells                   Type           Power        Failure   Level  Hunger
 Vampiric Draining        Necr           ###.......   7%          3    N/A
 Regeneration             Chrm/Necr      ##........   19%         3    N/A
 Animate Dead             Necr           N/A          22%         4    N/A

Dungeon Overview and Level Annotations

Branches:
Dungeon (2/15)

Altars:


Innate Abilities, Weirdness & Mutations

You do not eat.
Your natural rate of healing is unusually fast.
You have razor-sharp teeth.
You have supernaturally acute eyesight. (SInv)
You can survive without breathing.


Message History

Unknown command.
You hit the worm.
You kill the worm!
There is an open door here.
You start resting.
Magic restored.
HP restored.
You see here a ring mail.
b - 115 stones (gained 1)
b - 116 stones (gained 1)
b - 117 stones (gained 1) Done exploring.
You see here a ring mail.
There is a stone staircase leading down here.
You climb downwards.
The howler monkey howls!
The howler monkey hoots and howls with incredible vigour!
You hear an angry hiss. x2
There is a stone staircase leading up here.
Casting: Pain (safe; 2% risk of failure)
Confirm with . or Enter, or press ? or * to list all spells.
Aiming: Pain (safe; 2% risk of failure)
Press: ? - help, Shift-Dir - straight line, f - howler monkey
Aim: a howler monkey (catching its breath, chance to defeat MR: 84%)
The howler monkey writhes in agony.
Casting: Pain (safe; 2% risk of failure)
Confirm with . or Enter, or press ? or * to list all spells.
Aiming: Pain (safe; 2% risk of failure)
Press: ? - help, Shift-Dir - straight line, f/p - howler monkey
Aim: a howler monkey (lightly wounded, catching its breath, chance to defeat MR: 84%)
The howler monkey writhes in agony.
The howler monkey hoots and howls with incredible vigour!
You hear an angry hiss.
You hear a bark!
Casting: Pain (safe; 2% risk of failure)
Confirm with . or Enter, or press ? or * to list all spells.
Aiming: Pain (safe; 2% risk of failure)
Press: ? - help, Shift-Dir - straight line, f/p - howler monkey
Aim: a howler monkey (lightly wounded, catching its breath, chance to defeat MR: 84%)
The howler monkey writhes in agony.
Casting: Pain (safe; 2% risk of failure)
Confirm with . or Enter, or press ? or * to list all spells.
Aiming: Pain (safe; 2% risk of failure)
Press: ? - help, Shift-Dir - straight line, f/p - howler monkey
Aim: a howler monkey (lightly wounded, catching its breath, chance to defeat MR: 84%)
The howler monkey writhes in agony.
The howler monkey hits you!
* * * LOW HITPOINT WARNING * * *
The howler monkey hits you!
* * * LOW HITPOINT WARNING * * *
The howler monkey closely misses you. The rat bites you.
You die...

#######
##.....##
##.......##
#......@..#
#.....rh..#
#...........[
#.........#....
#.......... ...
#..........# ..
#..........# .
#...........


You could see a howler monkey and a rat.

Vanquished Creatures
  A worm (D:1)
  A leopard gecko (D:1)
  2 bats (D:1)
  A giant cockroach (D:1)
  3 goblins
  4 hobgoblins
  2 jackals (D:1)
  3 kobolds (D:1)
  3 frilled lizards (D:1)
  2 rats (D:1)
22 creatures vanquished.

Notes
Turn   | Place    | Note
-------+----------+-------------------------------------------
     0 | D:1      | Flugkiller the Vampire Necromancer began the quest for the
                  | Orb.
     0 | D:1      | Reached XP level 1. HP: 13/13 MP: 3/3
   453 | D:1      | Reached XP level 2. HP: 19/19 MP: 5/5
   977 | D:2      | Noticed a howler monkey
  1051 | D:1      | Learned a level 1 spell: Animate Skeleton
  1408 | D:2      | Slain by a rat

Levels and vault maps discovered:
D:1:      scummos_arrival_simple_fountains, layout_loops_corners
D:2:      layout_rooms, zin_scriptorium, nicolae_ru_path_of_blood

Action                   || total
-------------------------++-------
Melee: Dagger            ||    26
       Unarmed           ||     1
       Club              ||    30
       Bite              ||     6
Throw: Stone             ||     4
 Cast: Pain              ||    39
 Stab: Sleeping          ||     2
Armor: Robe              ||    15
Dodge: Dodged            ||    46

Table legend:
 A = Non-vault XP
 B = Vault XP
 C = Vault XP percentage of total XP
 D = Non-vault monster count
 E = Vault monster count
 F = Vault count percentage of total count
                 A         B        C        D         E       F
            +---------+---------+-------+---------+---------+-------
      Total |      40 |       0 |   0.0 |      22 |       0 |   0.0
            +---------+---------+-------+---------+---------+-------
        D:1 |      37 |       0 |   0.0 |      20 |       0 |   0.0
        D:2 |       3 |       0 |   0.0 |       2 |       0 |   0.0
            +---------+---------+-------+---------+---------+-------
